 Dungeon Crawl Stone Soup version 0.19-a0-854-gc78d25d (webtiles) character file.

115 George the Chopper (level 5, -5/45 HPs)
             Began as a Hill Orc Fighter on July 1, 2016.
             Slain by an ice beast (14 damage)
             ... on level 4 of the Dungeon.
             The game lasted 00:02:46 (2243 turns).

George the Chopper (Hill Orc Fighter)               Turns: 2243, Time: 00:02:46

Health: -5/45      AC:  8    Str: 20    XL:     5   Next: 0%
Magic:  5/5        EV:  7    Int:  8    God:
Gold:   216        SH:  9    Dex: 10    Spells: 0 memorised, 4 levels left

rFire  . . .     SeeInvis .     a - +0 war axe
rCold  . . .     Gourm    .     b - +0 scale mail
rNeg   . . .     Faith    .     c - +0 shield
rPois  .         Spirit   .     (no helmet)
rElec  .         Dismiss  .     s - +0 cloak
rCorr  .         Reflect  .     (no gloves)
SustAt .         Harm     .     (no boots)
MR     .....                    (no amulet)
Stlth  ..........               r - ring of stealth
                                p - ring of loudness (curse)

@: not resistant to hostile enchantments, extremely unstealthy
A: no striking features
a: no special abilities


You were on level 4 of the Dungeon.
You were hungry.

You visited 1 branch of the dungeon, and saw 4 of its levels.

You collected 216 gold pieces.

Inventory:

Hand Weapons
 a - a +0 war axe (weapon)
Armour
 b - a +0 scale mail (worn)
 c - a +0 shield (worn)
 s - a +0 cloak (worn)
Jewellery
 p - a cursed ring of loudness (left hand)
 r - a ring of stealth (right hand)
Wands
 y - a wand of lightning (7/15)
Scrolls
 g - 2 scrolls of remove curse {unknown}
 h - 2 scrolls of recharging {unknown}
 i - 4 scrolls of teleportation {unknown}
 m - 3 scrolls of identify {unknown}
 v - a scroll of fog {unknown}
Potions
 d - a potion of might
 j - a potion of flight {unknown}
 l - 4 potions of curing {unknown}
 n - a potion of mutation {unknown}
 o - a potion of brilliance {unknown}
 q - 3 potions of heal wounds {unknown}
 t - 2 potions of beneficial mutation {unknown}
Comestibles
 f - 3 bread rations
 u - a royal jelly
 w - a beef jerky
 x - a slice of pizza


   Skills:
 - Level 3.6 Fighting
 + Level 6.6 Axes
 - Level 3.2 Armour
 - Level 3.2 Shields


You had 4 spell levels left.
You didn't know any spells.

Dungeon Overview and Level Annotations

Branches:
Dungeon (4/15)
 Temple: D:4-7

Altars:


Message History

The ice beast hits you but does no damage.
The ice beast hits you. The ice beast freezes you.
You barely miss the ice beast.
The ice beast is moderately wounded.
You block the ice beast's attack.
You hit the ice beast.
The ice beast is heavily wounded.
You block the ice beast's attack.
You hit the ice beast.
The ice beast is heavily wounded.
The ice beast hits you. The ice beast freezes you!
* * * LOW HITPOINT WARNING * * *
You are too injured to fight recklessly!
You are too injured to fight recklessly!
You hit the ice beast.
The ice beast is severely wounded.
The ice beast hits you.
* * * LOW HITPOINT WARNING * * *
The ice beast freezes you!
You die...

### ... .... ..#
... ...$ #.#...
..... ..#..# #..
..... #.#..#...##
......#..........
......#Y#.##...#
#?.@.......#
#...#......#
#.........<#
####.......#
#.....#...
##.#..#... #.#
#.#..##.. #.#
#.#..# .. ...
#.#..# #.##.#


You could see an ice beast.

Vanquished Creatures
  Crazy Yiuf (D:2)
  2 adders (D:3)
  2 oozes (D:1)
  A worm (D:2)
  A dart slug (D:1)
  A giant gecko (D:2)
  4 bats
  8 goblins
  4 hobgoblins
  6 jackals (D:1)
  5 kobolds
  4 quokkas
  2 giant cockroach zombies (D:1)
  8 giant newts
  9 rats
58 creatures vanquished.

Notes
Turn   | Place    | Note
-------+----------+-------------------------------------------
     0 | D:1      | George the Hill Orc Fighter began the quest for the Orb.
     0 | D:1      | Reached XP level 1. HP: 19/19 MP: 1/1
    38 | D:1      | Reached skill level 3 in Axes
    40 | D:1      | Reached XP level 2. HP: 18/26 MP: 2/2
   152 | D:1      | Reached skill level 4 in Axes
   289 | D:1      | Reached XP level 3. HP: 17/31 MP: 3/3
   800 | D:2      | Reached skill level 5 in Axes
   911 | D:2      | Found a runed door.
  1408 | D:2      | Noticed Crazy Yiuf
  1412 | D:2      | Killed Crazy Yiuf
  1412 | D:2      | Reached XP level 4. HP: 39/39 MP: 4/4
  1543 | D:3      | Reached skill level 6 in Axes
  2219 | D:4      | Reached XP level 5. HP: 45/45 MP: 5/5
  2226 | D:4      | Noticed an ice beast
  2243 | D:4      | Slain by an ice beast

Vault maps used:
D:1:      saegor_arrival_fortress
D:2:      nicolae_underground_beach, uniq_crazy_yiuf_cottage
D:3:      minmay_wonky_spiral, first_bread, glass_columns_a
D:4:      uniq_sigmund

Skill      XL: |  1  2  3  4 |
---------------+-------------+-----
Axes           | 3 4 5 6 |  6.6
Fighting       | |  3.6
Armour         | |  3.2
Shields        | |  3.2

Action                   |  1- 3 |  4- 6 || total
-------------------------+-------+-------++-------
Melee: War axe           |   123 |    66 ||   189
  Eat: Chunk             |     1 |     3 ||     4
Armor: Scale mail        |    56 |    25 ||    81
Dodge: Dodged            |    30 |    13 ||    43
Block: Shield            |    53 |    26 ||    79
